 Dungeon Crawl Stone Soup version 0.27.1 (webtiles) character file.

Game seed: 14419771877464608333

67 Malachi the Skirmisher (level 4, 0/35 HPs)
             Began as a Demonspawn Monk on Aug 25, 2021.
             Was a Priest of Vehumet.
             Slain by a gnoll (4 damage)
             ... on level 1 of the Dungeon.
             The game lasted 00:02:34 (1849 turns).

Malachi the Skirmisher (Demonspawn Monk)            Turns: 1849, Time: 00:02:34

Health: 0/35       AC:  2    Str: 11    XL:     4   Next: 0%
Magic:  6/6        EV: 13    Int: 13    God:    Vehumet [***...]
Gold:   12         SH:  0    Dex: 15    Spells: 5/6 levels left

rFire    + . .     SeeInvis .   a - +0 spear (drain)
rCold    + . .     Faith    .   (no shield)
rNeg     . . .     Spirit   .   b - +0 robe
rPois    .         Reflect  .   (no helmet)
rElec    .         Harm     .   d - scarf {rC+ rF+}
rCorr    .         Rampage  .   (no gloves)
Will     +....                  (no boots)
Stlth    ++........             (no amulet)
HPRegen  0.11/turn              f - ring of willpower
MPRegen  0.10/turn              (no ring)

@: no status effects
A: claws 1, ignite blood 1
a: Renounce Religion


You were on level 1 of the Dungeon.
You worshipped Vehumet.
Vehumet was most pleased with you.
You visited 1 branch of the dungeon, and saw 2 of its levels.

You collected 12 gold pieces.

Inventory:

Hand Weapons
 a - a +0 spear of draining (weapon)
Armour
 b - a +0 robe (worn)
 d - a scarf of resistance (worn)
Jewellery
 f - a ring of willpower (left claw)
Potions
 e - a potion of curing {unknown}
 g - a potion of attraction {unknown}


   Skills:
 - Level 3.2 Fighting
 - Level 2.9 Polearms
 - Level 2.9 Dodging
 - Level 1.9 Stealth
 * Level 1.6 Spellcasting
 * Level 1.8 Conjurations


You had 5 spell levels left.
You knew the following spells:

 Your Spells              Type           Power      Damage    Failure   Level
a - Magic Dart            Conj           20%        1d4       3%          1

Your spell library contained the following spells:

 Spells                   Type           Power      Damage    Failure   Level
 Ignite Poison            Fire/Tmut/Pois 1%         N/A       21%         3


Dungeon Overview and Level Annotations

Branches:
Dungeon (2/15)

Altars:
Vehumet


Innate Abilities, Weirdness & Mutations

You have sharp fingernails.
Your demonic aura sometimes causes spilled blood to erupt in flames.


Message History

There is a stone staircase leading down here.
You climb downwards.
There is a stone staircase leading up here.
Unknown command.
The gnoll barely misses you.
You reach to attack!
You hit the gnoll. You drain the gnoll.
The gnoll is severely wounded.
The gnoll hits you from afar with a +0 halberd.
You reach to attack!
You barely miss the gnoll.
The gnoll is severely wounded.
The gnoll hits you from afar with a +0 halberd!
You reach to attack!
You closely miss the gnoll.
The gnoll is severely wounded.
You reach to attack!
You hit the gnoll but do no damage.
The gnoll is severely wounded.
The gnoll misses you.
There is a stone staircase leading up here.
The gnoll hits you from afar with a +0 halberd.
The gnoll hits you with a +0 club.
You climb upwards.
There is a stone staircase leading down here.
Unknown command.
The gnoll barely misses you.
You see here a +0 club.
You hit the gnoll.
The gnoll is moderately wounded.
The gnoll hits you with a +0 club.
* * * LOW HITPOINT WARNING * * *
You closely miss the gnoll.
The gnoll is moderately wounded.
The gnoll misses you.
You barely miss the gnoll.
The gnoll is moderately wounded.
The gnoll closely misses you.
You hit the gnoll.
The gnoll is heavily wounded.
The gnoll hits you with a +0 club!
* * * LOW HITPOINT WARNING * * *
The gnoll hits you with a +0 club.
You die...

## #.....##.##.#........# #...
######..#.............#.#.#######
.......######.#........>....#####
######.# #.##......#.#.#......
##.## #........##.#.####### #
#...# #.##.##)###.#.# # # #...#
#.##.##.# #.#.# # # #...#
#.##.##.# #.#.# # # #...#
#.##@##.# #.#.# # #...# #....g..#
#.#.#### #####...#######...###
#......# ##
....................###......# #.
............................♣#♣#♣
....................###..........
###.#...#.♣#♣.♣.♣...# #(....♣.♣.♣
#.#...#.#........## #.#.###....
#.#...#.♣.....♣..# #.#.# ♣.♣.♣


You could see a gnoll.

Vanquished Creatures
  3 gnolls
  A dart slug (D:1)
  6 endoplasms
  A hobgoblin (D:1)
  4 jackals (D:1)
  5 kobolds (D:1)
  A quokka (D:1)
  2 ball pythons (D:1)
  4 bats (D:1)
  A frilled lizard (D:1)
  4 goblins
  3 rats (D:1)
35 creatures vanquished.

Vanquished Creatures (others)
  3 plants (D:1)
3 creatures vanquished.

Grand Total: 38 creatures vanquished

Notes
Turn   | Place    | Note
-------+----------+-------------------------------------------
     0 | D:1      | Malachi the Demonspawn Monk began the quest for the Orb.
     0 | D:1      | Reached XP level 1. HP: 18/18 MP: 1/1
   192 | D:1      | Found a faded altar of an unknown god.
   204 | D:1      | Became a worshipper of Vehumet
   204 | D:1      | Reached * piety under Vehumet
   204 | D:1      | Offered knowledge of Magic Dart by Vehumet.
   204 | D:1      | Reached ** piety under Vehumet
   509 | D:1      | Gained mutation: You have sharp fingernails. [demonic
                  | ancestry]
   509 | D:1      | Reached XP level 2. HP: 23/24 MP: 2/2
   549 | D:1      | Learned a level 1 spell: Magic Dart
   611 | D:1      | Offered knowledge of Searing Ray by Vehumet.
   800 | D:1      | Offered knowledge of Ignite Poison by Vehumet.
   817 | D:1      | Reached *** piety under Vehumet
   898 | D:1      | Reached XP level 3. HP: 29/29 MP: 4/4
  1007 | D:1      | Reached skill level 1 in Spellcasting
  1007 | D:1      | Reached skill level 1 in Conjurations
  1604 | D:1      | Gained mutation: Your demonic aura sometimes causes spilled
                  | blood to erupt in flames. [demonic ancestry]
  1604 | D:1      | Reached XP level 4. HP: 11/35 MP: 6/6
  1849 | D:1      | Slain by a gnoll

Illustrated notes

Levels and vault maps discovered:
D:1:      tarquinn_simple_flora_water_c, layout_loops_cross, serial_forest,
          infiniplex_forest_lined_corner, infiniplex_forest_end_2,
          infiniplex_forest_lined_room_2, infiniplex_forest_clump_double,
          infiniplex_forest_lined_room_2, infiniplex_forest_end_1,
          infiniplex_forest_clump_C,
          dreamdust_ecumenical_altar_angels_and_demons
D:2:      layout_basic

Skill      XL: |  1  2  3 |
---------------+----------+-----
Spellcasting   | 1 |  1.6
Conjurations   | 1 |  1.8
Fighting       | |  3.2
Polearms       | |  2.9
Dodging        | |  2.9
Stealth        | |  1.9

Action                   |  1- 3 |  4- 6 || total
-------------------------+-------+-------++-------
Melee: Spear             |   119 |     8 ||   127
 Cast: Magic Dart        |     2 |       ||     2
  Use: Scroll            |     1 |       ||     1
 Stab: Sleeping          |     6 |       ||     6
Armor: Robe              |    13 |       ||    13
Dodge: Dodged            |    64 |     5 ||    69
